 Dungeon Crawl Stone Soup version 0.25-a0-302-g9f758675c1 (webtiles) character file.

Game seed: 362989093652426111, levelgen mode: deterministic

486 mopl the Changer (level 6, -6/30 HPs)
             Began as a Spriggan Transmuter on Dec 20, 2019.
             Killed by divine providence
             ... invoked by an orc priest
              (11 damage)
             ... on level 5 of the Dungeon.
             The game lasted 00:06:52 (4227 turns).

mopl the Changer (Spriggan Transmuter)              Turns: 4227, Time: 00:06:53

Health: -6/30      AC:  2    Str:  8    XL:     6   Next: 89%
Magic:  8/13       EV: 21    Int: 18    God:
Gold:   237        SH:  0    Dex: 21    Spells: 4/14 levels left

rFire    . . .     SeeInvis +     - Unarmed
rCold    . . .     Gourm    .   (shield currently unavailable)
rNeg     . . .     Faith    .   (armour currently unavailable)
rPois    .         Spirit   .   (helmet currently unavailable)
rElec    .         Reflect  .   (cloak currently unavailable)
rCorr    .         Harm     .   (gloves unavailable)
MR       +....                  (boots unavailable)
Stlth    ++........             (no amulet)
HPRegen  0.10/turn              q - ring of poison resistance
MPRegen  0.13/turn              u - +3 ring of intelligence

@: spider-form (expiring), very slightly contaminated
A: tiny, unfitting armour, see invisible, herbivore, slow metabolism 2
a: End Transformation


You were on level 5 of the Dungeon.
You were not hungry.
You were a venomous arachnid creature.
You visited 1 branch of the dungeon, and saw 5 of its levels.

You collected 237 gold pieces.

Inventory:

Hand Weapons
 b - a +0 hunting sling (melded)
Missiles
 a - 55 arrows
 g - 59 stones (quivered)
 i - 19 poisoned darts
Armour
 s - a cursed +0 robe (melded)
Jewellery
 q - a ring of poison resistance (left front leg)
 u - a +3 ring of intelligence (right front leg)
Scrolls
 c - 2 scrolls of enchant armour {unknown}
 e - 2 scrolls of random uselessness {unknown}
 f - a scroll of blinking {unknown}
 h - 2 scrolls of magic mapping {unknown}
 l - 3 scrolls of amnesia {unknown}
 m - 4 scrolls of remove curse {unknown}
 p - a scroll of enchant weapon {unknown}
Potions
 j - a potion of curing {unknown}
 k - a potion of magic
 n - 3 potions of heal wounds
 o - 2 potions of resistance
 r - 2 potions of flight {unknown}
 t - a potion of agility {unknown}
Comestibles
 d - 3 rations


   Skills:
 + Level 2.1 Fighting
 + Level 1.7 Throwing
 - Level 3.0 Dodging
 * Level 4.4 Unarmed Combat
 + Level 4.5 Spellcasting
 + Level 4.9 Transmutations
 + Level 0.7 Ice Magic


You had 4 spell levels left.
You knew the following spells:

 Your Spells              Type           Power        Failure   Level  Hunger
a - Beastly Appendage     Tmut           ###...       8%          1    None
b - Spider Form           Tmut/Pois      ##........   34%         3    ###....
d - Ice Form              Ice/Tmut       ##......     63%         4    ####...
w - Sticks to Snakes      Tmut           ###.....     10%         2    #......

Your spell library contained the following spells:

 Spells                   Type           Power        Failure   Level  Hunger
 Blade Hands              Tmut           ###.......   67%         5    ######.


Dungeon Overview and Level Annotations

Branches:
Dungeon (5/15)
 Temple: D:4-7

Altars:

Annotations:
D:5 2 runed translucent doors, Tux's ghost, novice FoEE


Innate Abilities, Weirdness & Mutations

You are very small and have problems with some larger weapons.
You are too small for most types of armour.
You have supernaturally acute eyesight. (SInv)
You are a herbivore.
((You cover ground extremely quickly.))
You need to consume almost no food.


Message History

You see here a wand of random effects (19).
You barely miss the orc priest.
The orc priest hits you with a cursed -2 club.
You hit the orc priest but do no damage.
The orc priest is poisoned.
You hit the orc priest but do no damage.
The orc priest is poisoned.
Your transformation is almost over.
The orc wizard casts a spell.
The orc wizard flickers and vanishes for a moment.
The orc priest invokes the aid of Beogh against you.
Beogh smites you!
* * * LOW HITPOINT WARNING * * *
The orc priest misses you.
You hit the orc priest.
The orc priest looks as sick as possible!
The orc priest is lightly wounded.
The orc priest invokes the aid of Beogh against you.
Beogh smites you!
You die...

..#..........##.#. ##
#.###.##.....##.#≈ ...
#.# #.##......#.# ....
#.# #.##......#.#
.....##.###.##........#
..........#.##.....#..#
######.#.#.####.###..#
#.#...# #.# #..#
..#(###s#.#.# #.# #..#
....oooo#.#.# #)# #..#
..#.#####.#.# #.# ##>.
#.#.. ..# ## #.### ####
#.# #.


You could see 2 orc priests and 2 orc wizards.

Vanquished Creatures
  A centaur (D:5)
  A bullfrog (D:3)
  A scorpion (D:4)
  A howler monkey (D:4)
  A hound (D:4)
  A bullfrog skeleton (D:4)
  Jessica (D:3)
  2 worker ants (D:4)
  Robin (D:2)
  3 adders
  An adder skeleton (D:4)
  A worm (D:4)
  2 dart slugs
  A leopard gecko (D:4)
  10 orcs
  5 bats
  15 goblins
  7 hobgoblins
  8 jackals
  2 quokkas
  2 ball pythons
  7 frilled lizards
  2 kobolds
  11 rats
87 creatures vanquished.

Notes
Turn   | Place    | Note
-------+----------+-------------------------------------------
     0 | D:1      | mopl the Spriggan Transmuter began the quest for the Orb.
     0 | D:1      | Reached XP level 1. HP: 9/9 MP: 5/5
   312 | D:1      | Reached skill level 3 in Transmutations
   312 | D:1      | Reached XP level 2. HP: 12/14 MP: 6/6
   316 | D:1      | Learned a level 2 spell: Sticks to Snakes
   452 | D:1      | Reached skill level 3 in Spellcasting
  1084 | D:2      | Reached skill level 3 in Unarmed Combat
  1126 | D:2      | Noticed Robin
  1150 | D:2      | Reached XP level 3. HP: 12/17 MP: 8/8
  1179 | D:1      | Learned a level 3 spell: Spider Form
  1294 | D:2      | Killed Robin
  1597 | D:2      | Found a faded altar of an unknown god.
  2042 | D:3      | Noticed a bullfrog
  2048 | D:3      | Killed a bullfrog
  2048 | D:3      | Reached skill level 1 in Fighting
  2048 | D:3      | Reached XP level 4. HP: 18/22 MP: 5/10
  2166 | D:3      | Reached skill level 4 in Transmutations
  2352 | D:3      | Reached XP level 5. HP: 19/25 MP: 7/11
  2486 | D:3      | Noticed Jessica
  2497 | D:3      | Killed Jessica
  2952 | D:4      | Reached skill level 4 in Spellcasting
  2987 | D:4      | Reached skill level 1 in Throwing
  2987 | D:4      | Reached skill level 4 in Unarmed Combat
  2995 | D:4      | Reached XP level 6. HP: 12/30 MP: 10/13
  3642 | D:4      | Learned a level 4 spell: Ice Form
  3681 | D:4      | Reached skill level 2 in Fighting
  3939 | D:5      | Entered Level 5 of the Dungeon
  3944 | D:5      | Found a large runed translucent door.
  3944 | D:5      | Found a large runed translucent door.
  3946 | D:5      | Noticed Tux's ghost (novice FoEE)
  4227 | D:5      | Killed from afar by an orc priest

Levels and vault maps discovered:
D:1:      lightli_arrival_quake, layout_loops_ring
D:2:      layout_basic, chequers_ecumenical_altar_simple_redux, uniq_robin
D:3:      layout_basic, hex_tiny, uniq_jessica
D:4:      minmay_skewed_foursquare, layout_cave_pods
D:5:      layout_basic, ebering_ghost_disaster_area, basic_altar, first_ration,
          minmay_misc_feat_diagonals

Skill      XL: |  1  2  3  4  5  6 |
---------------+-------------------+-----
Transmutations | 3 4 |  4.9
Spellcasting   | 3 4 |  4.5
Unarmed Combat | 3 4 |  4.4
Fighting       | 1 2 |  2.1
Throwing       | 1 |  1.7
Dodging        | |  3.0
Ice Magic      | |  0.7

Action                   |  1- 3 |  4- 6 || total
-------------------------+-------+-------++-------
Melee: Unarmed           |    51 |    77 ||   128
       Kick              |     3 |       ||     3
       Headbutt          |     1 |       ||     1
 Fire: Hunting sling     |    94 |   151 ||   245
 Cast: Beastly Appendage |    10 |       ||    10
       Sticks to Snakes  |     1 |       ||     1
       Spider Form       |     3 |    15 ||    18
 Abil: End Transformatio |       |     5 ||     5
  Use: Scroll            |     3 |       ||     3
  Eat: Ration            |       |     2 ||     2
Armor: Robe              |    13 |     8 ||    21
       Skin              |       |     2 ||     2
Dodge: Dodged            |    69 |   121 ||   190

Table legend:
 A = Non-vault XP
 B = Vault XP
 C = Vault XP percentage of total XP
 D = Non-vault monster count
 E = Vault monster count
 F = Vault count percentage of total count
                 A         B        C        D         E       F
            +---------+---------+-------+---------+---------+-------
      Total |     580 |     115 |  16.5 |      72 |      15 |  17.2
            +---------+---------+-------+---------+---------+-------
        D:1 |      20 |       1 |   4.8 |      13 |       1 |   7.1
        D:2 |      22 |      32 |  59.3 |      14 |      10 |  41.7
        D:3 |     141 |      37 |  20.8 |      23 |       1 |   4.2
        D:4 |     284 |      45 |  13.7 |      19 |       3 |  13.6
        D:5 |     113 |       0 |   0.0 |       3 |       0 |   0.0
            +---------+---------+-------+---------+---------+-------
